 Dungeon Crawl Stone Soup version 0.22-a0-469-gf26638a (webtiles) character file.

546 Amnesiac the Prestidigitator (level 7, 0/32 HPs)
             Began as a Spriggan Artificer on June 13, 2018.
             Killed from afar by Blork the orc (10 damage)
             ... with a magic dart
             ... on level 5 of the Dungeon.
             The game lasted 00:09:45 (5253 turns).

Amnesiac the Prestidigitator (Spriggan Artificer)   Turns: 5253, Time: 00:09:46

Health: 0/32       AC:  2    Str: 10    XL:     7   Next: 6%
Magic:  15/15      EV: 17    Int: 12    God:
Gold:   197        SH:  5    Dex: 17    Spells: 2/6 levels left

rFire    . . .     SeeInvis +   x - +0 hunting sling
rCold    . . .     Gourm    .   q - +0 buckler
rNeg     . . .     Faith    .   u - +0 robe
rPois    .         Spirit   .   (helmet restricted)
rElec    .         Reflect  .   (no cloak)
rCorr    .         Harm     .   (gloves unavailable)
MR       +....                  (boots unavailable)
Stlth    ++........             (no amulet)
HPRegen  0.10/turn              (no ring)
MPRegen  0.14/turn              (no ring)

@: very quick
A: very small, unfitting armour, see invisible, herbivore, speed 3, slow
metabolism 2
a: no special abilities


You were on level 5 of the Dungeon.
You were not hungry.

You visited 1 branch of the dungeon, and saw 6 of its levels.
You also visited: Sewer.

You collected 197 gold pieces.

Inventory:

Hand Weapons
 a - a +0 short sword
 b - a +0 blowgun
 x - a +0 hunting sling (weapon)
Missiles
 n - 19 poisoned needles
 v - 17 sling bullets (quivered)
 w - 57 stones
Armour
 q - a +0 buckler (worn)
 u - a +0 robe (worn)
Wands
 d - a wand of enslavement (11)
 e - a wand of iceblast (4)
 A - a wand of digging (15)
Scrolls
 g - 2 scrolls of identify {!r}
 h - a scroll of remove curse {!r}
 i - 5 scrolls of teleportation {!r}
 l - a scroll of enchant armour {!r, unknown}
 m - a scroll of fog {!r, unknown}
 s - a scroll of noise {!r, unknown}
 y - a scroll of fear {!r, unknown}
 z - a scroll of random uselessness {!r, unknown}
Potions
 c - a potion of haste {!q, unknown}
 j - a potion of resistance {!q}
 k - 9 potions of flight {!q}
 o - 2 potions of curing {!q, unknown}
 p - 2 potions of heal wounds {!q}
 r - a potion of agility {!q, unknown}
 t - 3 potions of might {!q, unknown}


   Skills:
 - Level 0.7 Fighting
 - Level 1.1 Short Blades
 - Level 3.0 Dodging
 - Level 1.5 Stealth
 + Level 10.5 Evocations


You had 2 spell levels left.
You knew the following spells:

 Your Spells              Type           Power        Failure   Level  Hunger
a - Call Imp              Summ           #.......     63%         2    ###....
v - Blink                 Tloc           N/A          63%         2    ###....

Your spell library contained the following spells:

 Spells                   Type           Power        Failure   Level  Hunger
 Magic Dart               Conj           #...         50%         1    ##.....
 Conjure Flame            Conj/Fire      #.......     86%         3    ####...
 Slow                     Hex            #.......     63%         2    ###....
 Mephitic Cloud           Conj/Pois/Air  #.......     86%         3    ####...


Dungeon Overview and Level Annotations

Branches:
Dungeon (6/15)
 Temple: D:4-7

Altars:

Shops:
D:4 ?

Annotations:
D:5 Blork the orc


Innate Abilities, Weirdness & Mutations

You are very small and have problems with some larger weapons.
You are too small for most types of armour.
You have supernaturally acute eyesight. (SInv)
You are a herbivore.
You cover ground extremely quickly.
You need to consume almost no food.


Message History

The hound pauses to sniff the ground.
Blork the orc misses you.
Firing (i - inventory. (/) - cycle)
v - 24 sling bullets (quivered)
Press: ? - help, Shift-Dir - straight line, f - Blork the orc
Aim: Blork the orc, wielding a war axe and wearing a glowing robe (severely wounded)
Okay, then.
You climb upwards.
There is a stone staircase leading down here.
Firing (i - inventory. (/) - cycle)
v - 24 sling bullets (quivered)
Press: ? - help, Shift-Dir - straight line, f - Blork the orc
Aim: Blork the orc, wielding a war axe and wearing a glowing robe (severely wounded)
You shoot a sling bullet.
The sling bullet hits Blork the orc but does no damage.
Blork the orc is severely wounded.
Blork the orc gestures wildly while chanting.
Blork the orc seems to speed up.
Blork the orc completely misses you.
Firing (i - inventory. (/) - cycle)
v - 23 sling bullets (quivered)
Press: ? - help, Shift-Dir - straight line, f/p - Blork the orc
Aim: Blork the orc, wielding a war axe and wearing a glowing robe (severely wounded, fast)
You shoot a sling bullet. The sling bullet hits Blork the orc.
Blork the orc is almost dead.
Blork the orc casts a spell at you. The puff of flame hits you!
Firing (i - inventory. (/) - cycle)
v - 22 sling bullets (quivered)
Press: ? - help, Shift-Dir - straight line, f/p - Blork the orc
Aim: Blork the orc, wielding a war axe and wearing a glowing robe (almost dead, fast)
You shoot a sling bullet. The sling bullet hits Blork the orc.
Blork the orc is almost dead.
Blork the orc gestures at you while chanting.
The magic dart hits you!
Blork the orc gestures wildly while chanting.
Blork the orc flickers and vanishes for a moment.
Firing (i - inventory. (/) - cycle)
v - 21 sling bullets (quivered)
Press: ? - help, Shift-Dir - straight line, f/p - Blork the orc
Aim: Blork the orc, wielding a war axe and wearing a glowing robe (almost dead, fast, slightly transparent)
You shoot a sling bullet.
The sling bullet closely misses Blork the orc.
Blork the orc closely misses you.
Blork the orc gestures at you while chanting.
The puff of frost hits you!
Firing (i - inventory. (/) - cycle)
v - 20 sling bullets (quivered)
Press: ? - help, Shift-Dir - straight line, f/p - Blork the orc
Aim: Blork the orc, wielding a war axe and wearing a glowing robe (almost dead, fast, slightly transparent)
You shoot a sling bullet.
The sling bullet barely misses Blork the orc.
Blork the orc points at you and mumbles some strange words.
The magic dart hits you!
* * * LOW HITPOINT WARNING * * *
You block Blork the orc's attack.
Firing (i - inventory. (/) - cycle)
v - 19 sling bullets (quivered)
Press: ? - help, Shift-Dir - straight line, f/p - Blork the orc
Aim: Blork the orc, wielding a war axe and wearing a glowing robe (almost dead, fast, slightly transparent)
You shoot a sling bullet. The sling bullet hits Blork the orc.
Blork the orc is almost dead.
You block Blork the orc's attack.
Firing (i - inventory. (/) - cycle)
v - 18 sling bullets (quivered)
Press: ? - help, Shift-Dir - straight line, f/p - Blork the orc
Aim: Blork the orc, wielding a war axe and wearing a glowing robe (almost dead, fast, slightly transparent)
You shoot a sling bullet.
The sling bullet hits Blork the orc but does no damage.
Blork the orc is almost dead.
Blork the orc gestures at you while chanting.
The magic dart hits you!
You die...

.# #.#
#[................. .#
#.# ############.##.##.
.# #.### #########
#.#..##. .####### #...#
#(......# #.#.###.
.......#####.# #.......#
#....... ........#
##.###.......# ###.####
........###............#
#.#
........##...#.#o......#
###.####
.####..##.#..##.@......#
#.......
.......#.##..###.......#
#.#.###.
.####........##.########
#.#.###.
.#########.#.#...#####
#.#..##. ....#
##..........#####.##.##.
.##.#
##.#...#......##.......
.##.#
#....##.#.##.#####.###
###.####
#######.#..........#
.......# #.####.#######


You could see Blork the orc (invisible).

Vanquished Creatures
  Sigmund (D:5)
  A bullfrog zombie (D:5)
  3 hounds (D:4)
  A quasit (D:4)
  An orc priest (D:4)
  A centaur skeleton (D:5)
  An orc wizard (D:4)
  A worker ant (D:4)
  2 adders
  2 oozes (Sewer)
  An adder skeleton (D:4)
  A worm (D:5)
  A leopard gecko (D:4)
  3 orcs (D:4)
  2 ball pythons
  5 bats
  5 giant cockroaches
  A goblin (D:3)
  3 hobgoblins
  2 jackals (D:3)
  16 kobolds
  4 frilled lizards
  A leopard gecko skeleton (D:4)
  A leopard gecko zombie (D:4)
  3 rats (Sewer)
  A fungus (Sewer)
64 creatures vanquished.

Vanquished Creatures (collateral kills)
  An ogre (D:4)
  2 worms (D:4)
  A giant cockroach (D:4)
  A ball python (D:4)
  A kobold (D:4)
  A leopard gecko skeleton (D:4)
7 creatures vanquished.

Vanquished Creatures (others)
  A worker ant (D:4)
1 creature vanquished.

Grand Total: 72 creatures vanquished

Notes
Turn   | Place    | Note
-------+----------+-------------------------------------------
     0 | D:1      | Amnesiac the Spriggan Artificer began the quest for the Orb.
     0 | D:1      | Reached XP level 1. HP: 9/9 MP: 4/4
   627 | D:3      | Reached XP level 2. HP: 12/14 MP: 6/6
   829 | D:4      | Reached skill level 5 in Evocations
   897 | D:4      | Reached XP level 3. HP: 4/17 MP: 8/8
  1091 | D:4      | Found a glowing drain.
  1121 | Sewer    | Entered a sewer
  1194 | Sewer    | Reached skill level 6 in Evocations
  1745 | Sewer    | Reached XP level 4. HP: 7/21 MP: 9/9
  2324 | D:4      | Reached skill level 7 in Evocations
  2433 | D:4      | Reached XP level 5. HP: 12/25 MP: 11/11
  2694 | D:4      | Noticed an ogre
  2698 | D:4      | Learned a level 2 spell: Blink
  2713 | D:4      | Learned a level 2 spell: Call Imp
  2733 | D:4      | Killed an ogre
  2733 | D:4      | Reached skill level 8 in Evocations
  3165 | D:4      | Found Xousoin's Magic Scroll Shop.
  3215 | D:4      | Reached XP level 6. HP: 12/29 MP: 13/13
  3215 | D:4      | Reached skill level 9 in Evocations
  3707 | D:5      | Entered Level 5 of the Dungeon
  3985 | D:5      | Noticed Sigmund
  3991 | D:5      | Killed Sigmund
  3991 | D:5      | Reached skill level 10 in Evocations
  4872 | D:5      | Reached XP level 7. HP: 18/32 MP: 15/15
  5242 | D:6      | Noticed Blork the orc
  5253 | D:5      | Killed from afar by Blork the orc

Vault maps used:
D:1:      mrwooster_arrival_statue_2, minivault_11, due_unseen_surprise
D:2:      first_ration
D:3:      hangedman_decor_clover_reticule, hangedman_decor_points,
          minmay_misc_feat_hallway
D:4:      serial_shops, kennysheep_mini, gup_sewer_entry_pipe
D:5:      uniq_sigmund
D:6:      black_bear_nest_2, minmay_temple_entry_statues_fountains,
          uniq_blork_the_orc, uniq_eustachio
Sewer:    kennysheep_pipe_town

Skill      XL: |  1  2  3  4  5  6 |
---------------+-------------------+-----
Evocations     | 5 6 7 8 10 | 10.5
Fighting       | |  0.7
Short Blades   | |  1.1
Dodging        | |  3.0
Stealth        | |  1.5

Action                   |  1- 3 |  4- 6 |  7- 9 || total
-------------------------+-------+-------+-------++-------
Melee: Short sword       |   108 |    95 |       ||   203
 Fire: Blowgun           |     3 |       |       ||     3
       Hunting sling     |       |    24 |    12 ||    36
 Cast: Call Imp          |       |     2 |       ||     2
Evoke: Wand              |    13 |    25 |     1 ||    39
  Use: Scroll            |     3 |     2 |       ||     5
       Potion            |     1 |     1 |       ||     2
 Stab: Sleeping          |     2 |     2 |       ||     4
  Eat: Ration            |       |     1 |     2 ||     3
Armor: Robe              |    13 |     8 |       ||    21
Dodge: Dodged            |   104 |    58 |     4 ||   166
Block: Buckler           |     5 |    26 |     2 ||    33

Table legend:
 A = Spawn XP
 B = Non-spawn XP
 C = Spawn XP percentage of total XP
 D = Spawn monster count
 E = Non-spawn monster count
 F = Spawn count percentage of total count
 G = Total turns spent on level
                    A         B        C        D         E        F      G
               +---------+---------+-------+---------+---------+-------+---------
         Total |       0 |     781 |   0.0 |       0 |      70 |   0.0 |  5253
               +---------+---------+-------+---------+---------+-------+---------
           D:1 |       0 |       2 |   0.0 |       0 |       1 |   0.0 |   158
           D:2 |       0 |       1 |   0.0 |       0 |       1 |   0.0 |   297
           D:3 |       0 |      16 |   0.0 |       0 |       9 |   0.0 |   627
           D:4 |       0 |     384 |   0.0 |       0 |      27 |   0.0 |  2129
           D:5 |       0 |     335 |   0.0 |       0 |       8 |   0.0 |  1004
         Sewer |       0 |      43 |   0.0 |       0 |      24 |   0.0 |  1034
               +---------+---------+-------+---------+---------+-------+---------
